 Dungeon Crawl Stone Soup version 0.31-a0-924-ge39a22a033 (webtiles) character file.

Game seed: 10481883752415580210

283581 BinkBink the Imperceptible (level 19, -20/113 HPs)
             Began as a Spriggan Hunter on Oct 18, 2023.
             Was the Champion of Jiyva.
             Killed from afar by a deep elf elementalist (42 damage)
             ... with a fireball
             ... on level 3 of the Elven Halls.
             The game lasted 01:32:38 (39584 turns).

BinkBink the Imperceptible (Spriggan Hunter)       Turns: 39584, Time: 01:32:39

Health: -20/113    AC: 16    Str:  6    XL:     19   Next: 33%
Magic:  20/20      EV: 50    Int: 11    God:    Jiyva [******]
Gold:   2285       SH:  2    Dex: 29    Spells: 18/18 levels left

rFire   . . .        D - +7 arbalest "Nodwa" {flame, Stlth+}
rCold   + . .        (shield currently unavailable)
rNeg    + . .        B - +1 robe {rC+}
rPois   .            p - +2 hat {Will+}
rElec   .            V - +0 cloak
rCorr   +            (gloves unavailable)
SInv    +            (boots unavailable)
Will    ++++.        c - amulet of regeneration
Stlth   ++++++++++   w - +5 ring of evasion
HPRegen 2.78/turn    a - ring of the Octopus King {rN+ HP+2 AC+2 EV+2 SH+2}
MPRegen 0.67/turn

%: no passive effects
@: studying Fighting, very quick
A: very small, no large weapons, unfitting armour, see invisible, speed 3,
hooves 1, iridescent scales 3, agile 1, mutation resistance 2, wild magic 3,
acidic bite, gelatinous body 2, jelly absorbing missiles, MP-powered wands,
engulf
}: 3/15 runes: barnacled, slimy, gossamer
a: Renounce Religion, Oozemancy, Slimify


You were on level 3 of the Elven Halls.
You worshipped Jiyva.
Jiyva was exalted by your worship.
You visited 7 branches of the dungeon, and saw 38 of its levels.
You visited the Abyss 2 times.
You also visited: Bailey.

You collected 3755 gold pieces.
You spent 1470 gold pieces at shops.

Inventory:

Hand Weapons
 j - a +2 demon trident of electrocution
 o - a +5 sling of draining
 D - the +7 arbalest "Nodwa" (weapon) {flame, Stlth+}
   (You found it on level 5 of the Pits of Slime)

   Stlth+:    It makes you more stealthy.
 L - the +11 dagger "Moezeol" {spect, Contam rC+ Dex+2}
   (You found it on level 5 of the Pits of Slime)

   Dex+2:     It affects your dexterity (+2).
   rC+:       It protects you from cold.
   Contam:    It causes magical contamination when unequipped.
 X - the +0 arbalest "Fuadomom" {heavy, Fly rPois rN+++ Stlth-}
   (You acquired it on level 2 of the Elven Halls)

   rPois:     It protects you from poison rN+++: It renders you almost immune to
   negative energy.
   Fly:       It grants you flight.
   Stlth-:    It makes you less stealthy.
Armour
 f - a +2 hat of see invisible
 p - a +2 hat of willpower (worn)
 B - a +1 robe of cold resistance (worn)
 V - a +0 cloak (worn)
Jewellery
 a - a ring of the Octopus King (right hand) {rN+ HP+2 AC+2 EV+2 SH+2}
   (You found it on level 2 of the Spider Nest)

   [ring of positive energy]

   AC+2:      It affects your AC (+2).
   EV+2:      It affects your evasion (+2).
   rN+:       It protects you from negative energy.
   HP+2:      It affects your health (+2).
   SH+2:      It affects your SH (+2).
 c - an amulet of regeneration (around neck)
 i - a ring of willpower
 w - a +5 ring of evasion (left hand)
 y - a +4 ring of protection
 G - a ring of positive energy
 H - the amulet "Arosux" {Spirit Int+3}
   (You found it on level 5 of the Pits of Slime)

   [amulet of guardian spirit]

   Spirit:    It causes incoming damage to be divided between your reserves of
   health and magic.
   Int+3:     It affects your intelligence (+3).
 O - a ring of flight
 P - the ring of the Country {rPois rCorr}
   (You found it on level 5 of the Pits of Slime)

   [ring of resist corrosion]

   rPois:     It protects you from poison rCorr: It protects you from acid and
   corrosion.
 T - the ring "Ynux" {Dex+6 SInv}
   (You took it off a merfolk siren on level 4 of the Shoals)

   [ring of dexterity]

   Dex+6:     It affects your dexterity (+6).
   SInv:      It lets you see invisible.
 U - a +5 ring of evasion
 Y - the amulet "Saug" {Spirit rN+++ Int-4 Dex-2 SInv}
   (You acquired it on level 2 of the Elven Halls)

   [amulet of guardian spirit]

   Spirit:    It causes incoming damage to be divided between your reserves of
   health and magic.
   Int-4:     It affects your intelligence (-4).
   Dex-2:     It affects your dexterity (-2).
   rN+++:     It renders you almost immune to negative energy.
   SInv:      It lets you see invisible.
Talismans
 S - a granite talisman
Wands
 h - a wand of paralysis (14)
 k - a wand of flame (67)
 n - a wand of roots (27)
 v - a wand of digging (10)
 F - a wand of quicksilver (18)
 J - a wand of mindburst (11)
Scrolls
 b - 4 scrolls of fear
 e - 2 scrolls of blinking
 l - 9 scrolls of revelation
 q - 3 scrolls of poison
 u - 3 scrolls of teleportation
 x - 3 scrolls of amnesia
 A - 3 scrolls of immolation
 I - 4 scrolls of identify
 K - a scroll of silence
 N - 2 scrolls of summoning
 W - a scroll of enchant weapon
 Z - 2 scrolls of brand weapon
Potions
 d - 4 potions of ambrosia
 g - 6 potions of brilliance
 m - a potion of resistance
 r - 4 potions of might
 s - 12 potions of curing
 t - 6 potions of enlightenment
 z - 5 potions of invisibility
 C - 5 potions of lignification
 E - 2 potions of magic
 M - a potion of cancellation
 Q - 4 potions of haste
 R - 3 potions of heal wounds


   Skills:
 + Level 16.8 Fighting
 + Level 19.9 Ranged Weapons
 + Level 18.2 Dodging
 + Level 21.0 Stealth
 * Level 14.9 Shapeshifting


You had 18 spell levels left.
You didn't know any spells.
Your spell library contained the following spells:

 Spells                   Type           Power      Damage    Failure   Level
 Summon Small Mammal      Summ           0%         N/A       61%         1
 Cigotuvi's Dreadful Rot  Necr/Pois/Air  0%         N/A       73%         2
 Ensorcelled Hibernation  Hex/Ice        0%         N/A       73%         2
 Jinxbite                 Hex            0%         N/A       73%         2
 Scorch                   Fire           0%         2d5       73%         2
 Call Canine Familiar     Summ           0%         N/A       89%         3
 Ignite Poison            Fire/Tmut/Pois 0%         N/A       89%         3
 Stone Arrow              Conj/Erth      0%         3d7       89%         3
 Summon Guardian Golem    Hex/Summ       0%         N/A       89%         3
 Anguish                  Hex/Necr       0%         N/A       99%         4
 Animate Armour           Summ/Erth      0%         N/A       99%         4
 Flame Wave               Conj/Fire      0%         2d4       99%         4
 Manifold Assault         Tloc           0%         N/A       99%         4
 Olgreb's Toxic Radiance  Pois           0%         N/A       99%         4
 Summon Lightning Spire   Summ/Air       0%         N/A       99%         4
 Vhi's Electric Charge    Tloc/Air       0%         N/A       99%         4
 Arcjolt                  Conj/Air       0%         1d10      100%        5
 Freezing Cloud           Conj/Ice/Air   0%         6-21      100%        5
 Lee's Rapid Deconstruct  Erth           0%         3d4*      100%        5
 Dispersal                Tloc           0%         N/A       100%        6
 Summon Cactus Giant      Summ           0%         N/A       100%        6
 Spellforged Servitor     Conj/Summ      0%         N/A       100%        7
 Discord                  Hex            0%         N/A       100%        8
 Disjunction              Tloc           0%         N/A       100%        8
 Ignition                 Fire           0%         3d3       100%        8
 Lehudib's Crystal Spear  Conj/Erth      0%         10d2      100%        8
 Maxwell's Capacitive Co  Air            0%         ∞         100%        8


Dungeon Overview and Level Annotations

Branches:
Dungeon (15/15)            Temple (0/1) D:6            Lair (5/5) D:8
 Shoals (4/4) Lair:2       Spider (4/4) Lair:3        Slime (5/5) Lair:4
    Orc (2/2) D:10            Elf (3/3) Orc:2        Vaults (0/5) D:13
 Depths (0/4) D:15         Bailey (visited)

Altars:
Dithmenos
Fedhas
Kikubaaqudgha
Makhleb
Nemelex Xobeh
Okawaru
Qazlal
Ru
Sif Muna
Trog
Vehumet
Wu Jian
Jiyva

Shops:
D:3 (   D:7 =   Orc:2 :*=(=*   Elf:2 *[   Elf:3 ==:!   Shoals:1 *

Annotations:
D:13 3 runed translucent doors, Ecraohen's ghost, journeyman FoFi
Lair:3 2 transporters, qipq's ghost, journeyman OgCj
Shoals:2 6 runed translucent doors, Heedrag's ghost, adept GrEE
Spider:1 3 runed translucent doors, hitsuchi's ghost, adept AtFi
Slime:5 Royal Jelly


Innate Abilities, Weirdness & Mutations

You are very small and have problems with some larger weapons.
You are too small for most types of armour.
You have supernaturally acute eyesight. (SInv)
You cover ground extremely quickly. (Speed+++)
You have large cloven feet.
You are completely covered in iridescent scales. (AC +6)
You are agile. (Dex +4, Str/Int -1)
You are somewhat resistant to both further mutation and mutation removal.
Your spells are much harder to cast, but much more powerful.
You have acidic saliva.
Your pliable body absorbs attacks. (AC +2, EV +2)
You have a small jelly attached to you that may absorb projectiles.
You expend magic power (3 MP) to strengthen your wands.
Your melee attacks may engulf your foes in ooze.


Message History

You shoot a bolt.
The bolt hits the deep elf elementalist!
The bolt burns the deep elf elementalist.
You kill the deep elf elementalist!
You shoot a bolt.
The bolt barely misses the deep elf elementalist.
The deep elf elementalist casts a spell at you.
The freezing blast misses you.
Unknown command.
You shoot a bolt.
The bolt misses the deep elf elementalist.
You are engulfed in freezing vapours.
You resist.
The deep elf elementalist points at you and mumbles some strange words.
The freezing blast misses you.
You shoot a bolt.
The bolt hits the deep elf elementalist!!
The bolt burns the deep elf elementalist.
The deep elf elementalist is moderately wounded.
You are engulfed in freezing vapours.
You resist.
You shoot a bolt.
The bolt barely misses the deep elf elementalist.
You are engulfed in freezing vapours.
You resist.
You shoot a bolt.
The bolt hits the deep elf elementalist!!
The bolt burns the deep elf elementalist.
The deep elf elementalist is severely wounded.
You are engulfed in freezing vapours.
You resist.
The deep elf elementalist casts a spell next to you.
The stone door frame shatters!
The blast of rock fragments hits you!!
* * * LOW HITPOINT WARNING * * *
You are engulfed in freezing vapours.
You resist.
* * * LOW HITPOINT WARNING * * *
The deep elf elementalist gestures next to you while chanting.
The stone door frame shatters!
The blast of rock fragments hits you!
* * * LOW HITPOINT WARNING * * *
You hear a shout!
There is a large open door here.
The deep elf elementalist gestures at you while chanting.
The fireball explodes!
The fireball engulfs you!!!
You die...

##+#'###..≈≈#.......###'######
#.##.##..~≈##.....##.ee#.....
#.###.#...~≈##...##.e.*'.e...
#.# ##....~≈≈#''##*.*..#.....
# #.# ##....≈≈#..'...#########
#####'### #....~~#..#..e#
.##.....###....~≈#..#...#
#........##....~~#..###'#
#......∩..##....@'.e#...#
...........'.....'..#...#
....8.8....#...≈~#.°)°..#
...........#...≈≈#..#...#
....8.8....#...≈≈#°°#...#
...........#...~≈#°.#...#
#.........#....~≈#..#...#
##.......#.....~≈#..#+###
###.....#.#....~≈#..'


You could see a deep elf elementalist (repels missiles).

Vanquished Creatures
  Nikola (Spider:4)
  Arachne (Spider:2)
  A bone dragon (Abyss:3)
  Jorgrun (Shoals:3)
  Rupert (Lair:3)
  Mlioglotl (Spider:3)
  A quicksilver dragon (Abyss:3)
  An eldritch tentacle (Shoals:4)
  Gastronok (D:8)
  Polyphemus (Shoals:3)
  An Executioner (Abyss:3)
  Roxanne (Shoals:3)
  Ilsuiw (Shoals:3)
  3 emperor scorpions
  A deep elf sorcerer (Elf:3)
  A frost giant (Shoals:4)
  2 ghost moths
  4 deep elf elementalists (Elf:3)
  Louise (Spider:4)
  An orc warlord (Elf:2)
  A cacodemon (Abyss:3)
  A broodmother (Spider:3)
  2 deep elf demonologists
  Azrael (Spider:2)
  A dire elephant (D:15)
  4 spark wasps
  2 merfolk javelineers (Shoals:4)
  2 deep elf death magi (Elf:3)
  A deep elf high priest (Elf:3)
  2 entropy weavers
  3 hydras (Lair:5)
  10 merfolk impalers
  A vault guard (D:13)
  5 ogre magi
  3 catoblepae
  2 merfolk avatars (Shoals:4)
  6 centaur warriors
  3 boulder beetles
  4 jorogumos
  A satyr (Shoals:3)
  A death knight (D:13)
  2 radroaches (Spider:3)
  25 dancing weapons
  19 two-headed ogres
  3 orc high priests
  An alligator snapping turtle (Shoals:4)
  3 merfolk aquamancers
  8 death yaks
  A naga warrior (Abyss:3)
  3 tengu warriors
  7 demonic crawlers
  7 death scarabs (Spider:4)
  20 deep elf knights
  A wretched star (Abyss:3)
  2 skysharks
  Nergalle (D:12)
  An orb spider (shapeshifter) (Elf:1)
  12 sea snakes
  4 skeletal warriors (D:7)
  10 pharaoh ants
  2 shadow demons (Abyss:3)
  A sun moth (Spider:3)
  8 orb spiders
  A spectral jorogumo (Spider:4)
  4 steelbarb worms
  An occultist (D:15)
  An oklob plant (D:12)
  5 deep elf archers
  4 orc knights (Elf:2)
  26 deep elf zephyrmancers
  3 orc sorcerers
  29 deep elf pyromancers
  7 harpies
  11 manticores
  14 wolf spiders
  15 ugly things
  7 cyclopes
  15 fauns
  A salamander (D:15)
  14 elephants
  4 moths of wrath (Spider:4)
  A guardian serpent (Abyss:3)
  A naga mage (Abyss:3)
  A smoke demon (Abyss:3)
  A water nymph (Shoals:4)
  6 black mambas
  12 merfolk sirens
  A gargoyle (D:12)
  3 torpor snails
  5 cane toads
  2 kobold demonologists (Abyss:3)
  10 komodo dragons
  2 spectral redbacks (Spider:4)
  3 large abominations (Abyss:3)
  2 redback zombies (Spider:4)
  6 trolls
  3 meliai (Spider:2)
  An ancient zyme (Abyss:3)
  26 merfolk
  Grinder (D:3)
  2 spectral jumping spiders (Spider:4)
  A wind drake (Shoals:4)
  9 polar bears (Lair:5)
  2 spectral culicivoras (Spider:4)
  3 spectral tarantellas (Spider:4)
  3 hornets
  2 jumping spider zombies (Spider:4)
  24 tarantellas
  4 dream sheep (Lair:5)
  3 blink frogs (Lair:3)
  7 snapping turtles
  A shadow (D:11)
  2 air elementals
  4 wyverns
  2 centaur simulacra
  A ynoxinul (Abyss:3)
  22 culicivoras
  26 jumping spiders
  3 basilisks (Shoals:3)
  12 water elementals
  5 wraiths
  4 fire elementals
  39 yaks
  2 starcursed masses (Abyss:3)
  A neqoxec (Abyss:3)
  A naga (Abyss:3)
  41 redbacks
  2 vampire mosquitoes (D:11)
  9 wargs
  9 water moccasins
  2 acid dragons
  36 orc warriors
  17 hell hounds
  A sky beast (D:8)
  2 ice beasts
  11 black bears (Lair:5)
  27 ogres
  2 boggarts (Abyss:3)
  22 centaurs
  55 wolves
  A phantom (D:5)
  2 kobold brigands (D:9)
  3 earth elementals
  13 bullfrogs
  8 scorpions
  4 wights (D:8)
  9 killer bees
  4 electric eels
  2 howler monkeys
  8 hounds
  14 orc priests
  7 iguanas
  A sleepcap (D:7)
  17 orc wizards
  3 gnolls (D:5)
  9 adders
  A shadow imp (D:5)
  3 white imps
  4 ufetubi (D:6)
  2 worms (D:2)
  2 dart slugs
  66 orcs
  A ball python (D:4)
  3 bats
  5 endoplasms
  4 giant cockroaches
  5 goblins
  3 hobgoblins
  3 jackals (D:2)
  2 quokkas
  2 frilled lizards (D:1)
  16 kobolds
  3 rats
  A lurking horror (Abyss:3)
1124 creatures vanquished.

Vanquished Creatures (collateral kills)
  2 merfolk javelineers
  3 vault guards (D:13)
  A rakshasa (D:13)
  A boulder beetle (D:13)
  A satyr (Shoals:3)
  A two-headed ogre (Orc:2)
  A skyshark (Shoals:2)
  An orb spider (Spider:2)
  A manticore (Shoals:2)
  A merfolk siren (Shoals:4)
  A merfolk (Shoals:2)
  A tarantella (Spider:2)
  A snapping turtle (Shoals:2)
  A water elemental (Shoals:2)
  An ogre (Orc:2)
18 creatures vanquished.

Vanquished Creatures (others)
  A formless jellyfish (Shoals:4)
  A merfolk javelineer (Shoals:4)
  A boulder beetle (D:14)
  A deep elf knight (Elf:2)
  A sea snake (Shoals:4)
  A goliath frog (shapeshifter) (Abyss:3)
  4 glowing orange brains (Abyss:3)
  A deep elf pyromancer (Elf:1)
  A deep elf archer (Elf:2)
  2 deep elf zephyrmancers (Elf:2)
  2 large abominations (Abyss:3)
  2 shining eyes (Abyss:3)
  A merfolk (Shoals:4)
  2 dream sheep (Lair:5)
  10 slime creatures
  A flying skull (Abyss:3)
  A jumping spider (Spider:4)
  A culicivora (Spider:1)
  A wyvern (D:9)
  A basilisk (Lair:2)
  A redback (Spider:3)
  4 golden eyes (Abyss:3)
  3 small abominations (Abyss:3)
  2 water moccasins
  4 orc warriors
  2 centaurs (Bailey)
  A scorpion (Lair:3)
  A bullfrog (Lair:1)
  A wight (D:8)
  196 jellies
  A killer bee (D:7)
  An electric eel (D:8)
  A howler monkey (D:7)
  3 orc priests
  A hound (D:7)
  An iron imp (Abyss:3)
  2 iguanas
  An orc wizard (D:10)
  A white imp (D:5)
  A worm (Lair:3)
  An endoplasm (D:4)
  15 orcs
  A giant cockroach (Lair:3)
  4 kobolds (D:9)
  A foxfire (Abyss:3)
  A starspawn tentacle (Abyss:3)
287 creatures vanquished.

Grand Total: 1429 creatures vanquished

Notes
Turn   | Place    | Note
-------+----------+-------------------------------------------
     0 | D:1      | BinkBink the Spriggan Hunter began the quest for the Orb.
     0 | D:1      | Reached XP level 1. HP: 10/10 MP: 2/2
   301 | D:1      | Reached XP level 2. HP: 15/15 MP: 3/3
   689 | D:2      | Reached XP level 3. HP: 18/18 MP: 4/4
  1268 | D:3      | Noticed Grinder
  1284 | D:3      | Reached XP level 4. HP: 23/23 MP: 5/5
  1285 | D:3      | Paralysed by Grinder for 3 turns
  1316 | D:3      | Killed Grinder
  1317 | D:3      | Reached skill level 5 in Ranged Weapons
  1317 | D:3      | Reached XP level 5. HP: 29/29 MP: 6/6
  1317 | D:3      | Reached XP level 6. HP: 33/33 MP: 7/7
  1439 | D:3      | Found Goaptem's Antique Weapon Emporium.
  1448 | D:3      | Bought a runed sling for 130 gold pieces
  1624 | D:3      | Found a sparkling altar of Nemelex Xobeh.
  1891 | D:3      | Found a faded altar of an unknown god.
  1901 | D:3      | Prayed at the altar of an unknown god.
  1901 | D:3      | Became a worshipper of Jiyva Jiow the Shapeless
  1901 | D:3      | Reached * piety under Jiyva
  2279 | D:4      | Found a stormy altar of Qazlal.
  2325 | D:4      | Reached ** piety under Jiyva
  2587 | D:4      | Reached XP level 7. HP: 38/38 MP: 8/8
  2593 | D:4      | Found a shadowy altar of Dithmenos.
  2914 | D:5      | Identified the of Puxkao
  2914 | D:5      | Entered Level 5 of the Dungeon
  3009 | D:5      | Reached skill level 5 in Fighting
  3184 | D:5      | Reached *** piety under Jiyva
  3203 | D:5      | Gained mutation: Your translucent skin slightly reduces
                  | your foes' accuracy. (Stealth+) [Jiyva's grace]
  3203 | D:5      | Gained mutation: Your translucent skin reduces your foes'
                  | accuracy. (Stealth+) [Jiyva's grace]
  3203 | D:5      | Gained mutation: Your transparent skin significantly
                  | reduces your foes' accuracy. (Stealth+) [Jiyva's grace]
  3203 | D:5      | Gained mutation: Armour fits poorly on your pseudopods.
                  | [Jiyva's grace]
  3588 | D:5      | Reached XP level 8. HP: 44/44 MP: 9/9
  3687 | D:5      | Found a shimmering blue altar of Sif Muna.
  4095 | D:6      | Found a staircase to the Ecumenical Temple.
  4171 | D:6      | Reached **** piety under Jiyva
  4269 | D:6      | Found an ornate altar of the Wu Jian Council.
  4422 | D:7      | Noticed a skeletal warrior
  4422 | D:7      | Noticed a skeletal warrior
  4422 | D:7      | Noticed a skeletal warrior
  4422 | D:7      | Noticed a skeletal warrior
  4554 | D:7      | Reached skill level 2 in Stealth
  4806 | D:7      | Reached skill level 3 in Stealth
  4870 | D:7      | Reached skill level 4 in Stealth
  4870 | D:7      | Reached XP level 9. HP: 49/49 MP: 10/10
  5259 | D:7      | Found Qirrife's Jewellery Shoppe.
  5796 | D:7      | Killed a skeletal warrior
  5797 | D:7      | Reached skill level 5 in Stealth
  5854 | D:7      | Was placed under penance by Jiyva
  6155 | D:7      | Killed a skeletal warrior
  6156 | D:7      | Reached skill level 5 in Dodging
  6318 | D:7      | Killed a skeletal warrior
  6319 | D:7      | Reached skill level 10 in Ranged Weapons
  6319 | D:7      | Reached skill level 6 in Stealth
  6471 | D:7      | Killed a skeletal warrior
  6472 | D:7      | Reached XP level 10. HP: 56/56 MP: 11/11
  6601 | D:8      | Was forgiven by Jiyva
  6619 | D:8      | Found a flagged portal.
  6652 | Bailey   | Entered a bailey
  7060 | Bailey   | Reached skill level 7 in Stealth
  8187 | D:8      | Reached skill level 8 in Stealth
  8678 | D:8      | Noticed Gastronok
  8703 | D:8      | Killed Gastronok
  8704 | D:8      | Reached XP level 11. HP: 49/62 MP: 12/12
  8779 | D:8      | Lost mutation: Your transparent skin significantly reduces
                  | your foes' accuracy. (Stealth+) [Jiyva's grace]
  8779 | D:8      | Gained mutation: You are robust. (+10% HP) [Jiyva's grace]
  8779 | D:8      | Gained mutation: You are very robust. (+20% HP) [Jiyva's
                  | grace]
  8779 | D:8      | Gained mutation: You are extremely robust. (+30% HP)
                  | [Jiyva's grace]
  8779 | D:8      | Gained mutation: You are strong-willed. (Will+) [Jiyva's
                  | grace]
  8838 | D:8      | Found a staircase to the Lair.
  9147 | D:9      | Reached ***** piety under Jiyva
  9178 | D:9      | Noticed a two-headed ogre
  9241 | D:9      | Killed a two-headed ogre
  9242 | D:9      | Reached skill level 9 in Stealth
  9429 | D:9      | Found a sacrificial altar of Ru.
  9820 | D:10     | Entered Level 10 of the Dungeon
  9987 | D:10     | Found a radiant altar of Vehumet.
 10266 | D:10     | Found a staircase to the Orcish Mines.
 10451 | D:10     | Reached skill level 10 in Fighting
 10568 | D:10     | Lost mutation: You are extremely robust. (+30% HP) [Jiyva's
                  | grace]
 10568 | D:10     | Lost mutation: You are very robust. (+20% HP) [Jiyva's
                  | grace]
 10568 | D:10     | Lost mutation: Your translucent skin reduces your foes'
                  | accuracy. (Stealth+) [Jiyva's grace]
 10568 | D:10     | Gained mutation: You have sharp fingernails. [Jiyva's
                  | grace]
 10568 | D:10     | Gained mutation: You have very sharp fingernails. [Jiyva's
                  | grace]
 10568 | D:10     | Gained mutation: You have claws for hands. [Jiyva's grace]
 10568 | D:10     | Gained mutation: Your rubbery body absorbs attacks. (AC +1,
                  | EV +1) [Jiyva's grace]
 10877 | D:11     | Reached ****** piety under Jiyva
 10905 | D:11     | Reached skill level 10 in Stealth
 11528 | D:11     | Found a bloodstained altar of Trog.
 11693 | Orc:1    | Entered Level 1 of the Orcish Mines
 11916 | Orc:1    | Noticed an orc sorcerer
 11921 | Orc:1    | Killed an orc sorcerer
 11999 | Orc:1    | Lost mutation: You have claws for hands. [Jiyva's grace]
 11999 | Orc:1    | Lost mutation: Your rubbery body absorbs attacks. (AC +1,
                  | EV +1) [Jiyva's grace]
 11999 | Orc:1    | Gained mutation: You have an increased reservoir of magic.
                  | (+10% MP) [Jiyva's grace]
 11999 | Orc:1    | Gained mutation: You have a considerably increased
                  | reservoir of magic. (+20% MP) [Jiyva's grace]
 11999 | Orc:1    | Gained mutation: You have a greatly increased reservoir of
                  | magic. (+30% MP) [Jiyva's grace]
 11999 | Orc:1    | Gained mutation: You are agile. (Dex +4, Str/Int -1)
                  | [Jiyva's grace]
 12054 | Orc:1    | Reached XP level 12. HP: 74/74 MP: 16/16
 12106 | Orc:1    | Found a burning altar of Makhleb.
 12245 | Orc:2    | Entered Level 2 of the Orcish Mines
 12245 | Orc:2    | Noticed a two-headed ogre
 12286 | Orc:2    | Noticed a two-headed ogre
 12289 | Orc:2    | Noticed a two-headed ogre
 12304 | Orc:2    | Noticed a two-headed ogre
 12304 | Orc:2    | Noticed a two-headed ogre
 12304 | Orc:2    | Noticed a two-headed ogre
 12304 | Orc:2    | Noticed a two-headed ogre
 12304 | Orc:2    | Noticed a two-headed ogre
 12327 | Orc:2    | Found Jaybaw's Jewellery Boutique.
 12350 | Orc:2    | Noticed an ogre mage
 12358 | Orc:2    | Found Icsittic's Overcharged Wands.
 12365 | Orc:2    | Noticed a two-headed ogre
 12399 | Orc:2    | Noticed an ogre mage
 12427 | Orc:2    | Noticed a two-headed ogre
 12433 | Orc:2    | Noticed an ogre mage
 12439 | Orc:2    | Noticed a two-headed ogre
 12441 | Orc:2    | Noticed a two-headed ogre
 12464 | Orc:2    | Noticed a two-headed ogre
 12467 | Orc:2    | Noticed a two-headed ogre
 12473 | Orc:2    | Noticed a two-headed ogre
 12493 | Orc:2    | Noticed a two-headed ogre
 12504 | Orc:2    | Found Puejuisu's Antique Weapon Emporium.
 12505 | Orc:2    | Found Wip Jih's Jewellery Boutique.
 12506 | Orc:2    | Found Wuukiess's Book Shoppe.
 12506 | Orc:2    | Found Ufuijo's Assorted Antiques.
 12523 | Orc:2    | Noticed a two-headed ogre
 12533 | Orc:2    | Noticed an ogre mage
 12539 | Orc:2    | Killed a two-headed ogre
 12630 | Orc:2    | Killed a two-headed ogre
 12683 | Orc:2    | Reached skill level 11 in Stealth
 12781 | Orc:2    | Killed a two-headed ogre
 12918 | Orc:2    | Killed an ogre mage
 12942 | Orc:2    | Killed an ogre mage
 12943 | Orc:2    | Reached skill level 10 in Dodging
 12961 | Orc:2    | Killed a two-headed ogre
 12967 | Orc:2    | Killed an ogre mage
 13321 | Orc:2    | Killed a two-headed ogre
 13404 | Orc:2    | Killed a two-headed ogre
 13413 | Orc:2    | Killed a two-headed ogre
 13515 | Orc:2    | Killed a two-headed ogre
 13516 | Orc:2    | Reached skill level 12 in Stealth
 13583 | Orc:2    | Killed a two-headed ogre
 13604 | Orc:2    | Bought a diamond ring for 120 gold pieces
 13604 | Orc:2    | Bought a scroll labelled MUVUAF WOTU for 24 gold pieces
 13656 | Orc:2    | Killed a two-headed ogre
 13676 | Orc:2    | Killed a two-headed ogre
 13682 | Orc:2    | Killed a two-headed ogre
 13683 | Orc:2    | Reached XP level 13. HP: 81/81 MP: 17/17
 13813 | Orc:2    | Found a staircase to the Elven Halls.
 14223 | Lair:1   | Entered Level 1 of the Lair of Beasts
 14466 | Lair:1   | Reached skill level 13 in Stealth
 15223 | Lair:2   | Lost mutation: You have very sharp fingernails. [Jiyva's
                  | grace]
 15223 | Lair:2   | Lost mutation: You are agile. (Dex +4, Str/Int -1) [Jiyva's
                  | grace]
 15223 | Lair:2   | Lost mutation: You have a greatly increased reservoir of
                  | magic. (+30% MP) [Jiyva's grace]
 15223 | Lair:2   | Lost mutation: You are strong-willed. (Will+) [Jiyva's
                  | grace]
 15223 | Lair:2   | Gained mutation: Your flesh is heat resistant. (rF+)
                  | [Jiyva's grace]
 15223 | Lair:2   | Gained mutation: Your flesh is very heat resistant. (rF++)
                  | [Jiyva's grace]
 15223 | Lair:2   | Gained mutation: Your flesh is almost immune to the effects
                  | of heat. (rF+++) [Jiyva's grace]
 15223 | Lair:2   | Gained mutation: Your mind is acute. (Int +4, Str/Dex -1)
                  | [Jiyva's grace]
 15373 | Lair:2   | Found a staircase to the Shoals.
 15719 | Lair:2   | Reached skill level 15 in Ranged Weapons
 16093 | Lair:3   | Found a hole to the Spider Nest.
 16098 | Lair:3   | Noticed qipq's ghost (journeyman OgCj)
 16103 | Lair:3   | Noticed a dire elephant
 16224 | Lair:3   | Found a transporter.
 16228 | Lair:3   | Found a transporter.
 16526 | Lair:3   | Noticed Rupert
 16578 | Lair:3   | Killed Rupert
 16694 | Lair:3   | Lost mutation: Your flesh is almost immune to the effects
                  | of heat. (rF+++) [Jiyva's grace]
 16694 | Lair:3   | Lost mutation: You have a considerably increased reservoir
                  | of magic. (+20% MP) [Jiyva's grace]
 16694 | Lair:3   | Gained mutation: You are covered in slimy tendrils that may
                  | disarm your opponents. [Jiyva's grace]
 16694 | Lair:3   | Gained mutation: You expend magic power (3 MP) to
                  | strengthen your wands. [Jiyva's grace]
 16694 | Lair:3   | Gained mutation: You have a pair of small horns on your
                  | head. [Jiyva's grace]
 16694 | Lair:3   | Gained mutation: You have a pair of horns on your head.
                  | [Jiyva's grace]
 17245 | Lair:4   | Reached skill level 14 in Stealth
 17298 | Lair:4   | Reached XP level 14. HP: 89/89 MP: 16/16
 17385 | Lair:4   | Found a staircase to the Slime Pits.
 18086 | Lair:5   | Entered Level 5 of the Lair of Beasts
 18293 | Lair:5   | Lost mutation: Your flesh is very heat resistant. (rF++)
                  | [Jiyva's grace]
 18293 | Lair:5   | Lost mutation: You are covered in slimy tendrils that may
                  | disarm your opponents. [Jiyva's grace]
 18293 | Lair:5   | Gained mutation: You are agile. (Dex +4, Str/Int -1)
                  | [Jiyva's grace]
 18293 | Lair:5   | Gained mutation: You are very agile. (Dex +8, Str/Int -2)
                  | [Jiyva's grace]
 18293 | Lair:5   | Gained mutation: You are resistant to electric shocks.
                  | (rElec) [Jiyva's grace]
 18293 | Lair:5   | Gained mutation: You have a somewhat thin skeletal
                  | structure. (Dex +2, Stealth+) [Jiyva's grace]
 19071 | Lair:5   | Reached skill level 15 in Stealth
 19596 | Vaults:5 | Identified the "Joishy"
 19596 | Depths:4 | Identified the "Mures"
 19596 | Elf:2    | Identified the of Oreax
 19596 | Elf:3    | Identified the "Duex"
 19596 | Slime:1  | Entered Level 1 of the Pits of Slime
 19685 | Slime:1  | Noticed a quicksilver ooze
 19817 | Slime:2  | Noticed a quicksilver ooze
 19891 | Slime:3  | Noticed a rockslime
 19891 | Slime:3  | Noticed an acid blob
 19927 | Slime:3  | Noticed a quicksilver ooze
 19999 | Slime:3  | Noticed an acid blob
 20115 | Slime:4  | Noticed an azure jelly
 20129 | Slime:4  | Noticed an acid blob
 20201 | Slime:4  | Noticed a quicksilver ooze
 20231 | Slime:4  | Noticed an acid blob
 20235 | Slime:4  | Noticed an acid blob
 20275 | Slime:4  | Noticed an acid blob
 20317 | Slime:4  | Noticed an acid blob
 20393 | Slime:5  | Entered Level 5 of the Pits of Slime
 20394 | Slime:5  | Found a viscous altar of Jiyva.
 20402 | Slime:5  | Identified the +7 arbalest "Nodwa" {flame, Stlth+}
 20409 | Slime:5  | Identified the staff "Tormentor" {Contam rC++ Int+8 Dex-2
                  | Conj}
 20410 | Slime:5  | Identified the amulet "Arosux" {Spirit Int+3}
 20419 | Slime:5  | Got a slimy rune of Zot
 20429 | Slime:5  | Noticed an acid blob
 20433 | Slime:5  | Identified the +11 dagger "Moezeol" {spect, Contam rC+
                  | Dex+2}
 20435 | Slime:5  | Identified the +1 orcbow of the Fool {flame, rPois rN+}
 20436 | Slime:5  | Identified the +2 whip "Ox" {venom, rCorr Str-5 Dex+8}
 20439 | Slime:5  | Noticed a rockslime
 20440 | Slime:5  | Noticed a quicksilver ooze
 20446 | Slime:5  | Noticed an acid blob
 20455 | Slime:5  | Identified the +0 rapier of Departure {drain, *Slow rPois
                  | rN+ Dex+3}
 20471 | Slime:5  | Identified the +0 scale mail of Ignis's Regard {Int+3
                  | Dex+2}
 20477 | Slime:5  | Identified the ring of the Country {rPois rCorr}
 20483 | Slime:5  | Noticed a quicksilver ooze
 20484 | Slime:5  | Noticed an azure jelly
 20502 | Slime:5  | Noticed a rockslime
 20607 | Slime:5  | Noticed the Royal Jelly
 20622 | Slime:5  | Noticed an acid blob
 20694 | Slime:5  | Noticed an azure jelly
 20884 | Shoals:1 | Entered Level 1 of the Shoals
 20912 | Shoals:1 | Found Gyun's Island Escapes.
 21401 | Shoals:1 | Reached XP level 15. HP: 95/95 MP: 17/17
 21927 | Shoals:2 | Found a runed translucent gate.
 21927 | Shoals:2 | Found a runed translucent gate.
 21927 | Shoals:2 | Found a runed translucent gate.
 21928 | Shoals:2 | Found a runed translucent gate.
 21928 | Shoals:2 | Noticed Heedrag's ghost (adept GrEE)
 21939 | Shoals:2 | Noticed a frost giant
 21940 | Shoals:2 | Found a runed translucent gate.
 21941 | Shoals:2 | Found a runed translucent gate.
 21942 | Shoals:2 | Noticed a frost giant
 21942 | Shoals:2 | Noticed a frost giant
 22203 | Shoals:2 | Lost mutation: You have sharp fingernails. [Jiyva's grace]
 22203 | Shoals:2 | Lost mutation: You have a pair of horns on your head.
                  | [Jiyva's grace]
 22203 | Shoals:2 | Lost mutation: You are robust. (+10% HP) [Jiyva's grace]
 22203 | Shoals:2 | Lost mutation: You are resistant to electric shocks.
                  | (rElec) [Jiyva's grace]
 22203 | Shoals:2 | Lost mutation: Armour fits poorly on your pseudopods.
                  | [Jiyva's grace]
 22203 | Shoals:2 | Gained mutation: You have a pair of horns on your head.
                  | [Jiyva's grace]
 22203 | Shoals:2 | Gained mutation: You have a pair of large horns on your
                  | head. [Jiyva's grace]
 22203 | Shoals:2 | Gained mutation: Your spells are a little harder to cast,
                  | but a little more powerful. [Jiyva's grace]
 22203 | Shoals:2 | Gained mutation: Your spells are harder to cast, but more
                  | powerful. [Jiyva's grace]
 22219 | Shoals:2 | Reached skill level 16 in Stealth
 22444 | Shoals:3 | Noticed Polyphemus
 22774 | Shoals:3 | Noticed Ilsuiw
 22786 | Shoals:3 | Killed Ilsuiw
 22968 | Shoals:3 | Noticed Roxanne
 22993 | Shoals:3 | Killed Polyphemus
 23010 | Shoals:3 | Killed Roxanne
 23179 | Shoals:3 | Reached skill level 1 in Shapeshifting
 23246 | Shoals:3 | Noticed Jorgrun
 23253 | Shoals:3 | Killed Jorgrun
 23592 | Shoals:4 | Entered Level 4 of the Shoals
 24054 | Shoals:4 | Noticed a frost giant
 24057 | Shoals:4 | Killed a frost giant
 24106 | Shoals:4 | Reached XP level 16. HP: 93/93 MP: 18/18
 24126 | Shoals:4 | Reached skill level 17 in Stealth
 24247 | Shoals:4 | Identified the ring "Ynux" {Dex+6 SInv}
 24280 | Shoals:4 | Reached skill level 15 in Fighting
 24603 | Shoals:4 | Got a barnacled rune of Zot
 25115 | D:12     | Identified the +4 war axe of Rubbish {flame, Will+ rCorr}
 25115 | D:12     | Noticed Nergalle
 25116 | D:12     | Killed Nergalle
 25134 | D:12     | Found a blossoming altar of Fedhas.
 25248 | D:12     | Lost mutation: You are very agile. (Dex +8, Str/Int -2)
                  | [Jiyva's grace]
 25248 | D:12     | Lost mutation: Your spells are harder to cast, but more
                  | powerful. [Jiyva's grace]
 25248 | D:12     | Lost mutation: Your spells are a little harder to cast, but
                  | a little more powerful. [Jiyva's grace]
 25248 | D:12     | Gained mutation: You have large cloven feet. [Jiyva's
                  | grace]
 25248 | D:12     | Gained mutation: You have hoof-like feet. [Jiyva's grace]
 25248 | D:12     | Gained mutation: You have hooves in place of feet. [Jiyva's
                  | grace]
 25248 | D:12     | Gained mutation: Your body has grown eyes which may confuse
                  | attackers. (Acc +3) [Jiyva's grace]
 25305 | D:12     | Reached skill level 15 in Dodging
 25757 | D:13     | Found a gate to the Vaults.
 26035 | D:13     | Found a runed translucent gate.
 26035 | D:13     | Found a runed translucent gate.
 26035 | D:13     | Found a runed translucent gate.
 26059 | D:13     | Noticed Ecraohen's ghost (journeyman FoFi)
 26290 | D:13     | Reached skill level 5 in Shapeshifting
 27026 | D:15     | Entered Level 15 of the Dungeon
 27085 | D:15     | Reached skill level 18 in Stealth
 27092 | D:15     | Found a staircase to the Depths.
 27304 | D:15     | Lost mutation: You have a pair of large horns on your head.
                  | [Jiyva's grace]
 27304 | D:15     | Lost mutation: You have an increased reservoir of magic.
                  | (+10% MP) [Jiyva's grace]
 27304 | D:15     | Lost mutation: You expend magic power (3 MP) to strengthen
                  | your wands. [Jiyva's grace]
 27304 | D:15     | Gained mutation: You are somewhat resistant to further
                  | mutation. [Jiyva's grace]
 27304 | D:15     | Gained mutation: You are somewhat resistant to both further
                  | mutation and mutation removal. [Jiyva's grace]
 27304 | D:15     | Gained mutation: You are almost entirely resistant to
                  | further mutation and mutation removal. [Jiyva's grace]
 27304 | D:15     | Gained mutation: You have a small jelly attached to you
                  | that senses nearby items. [Jiyva's grace]
 27503 | D:15     | Found an iron altar of Okawaru.
 28159 | Spider:1 | Entered Level 1 of the Spider Nest
 28365 | Spider:1 | Reached XP level 17. HP: 99/99 MP: 18/18
 28413 | Spider:1 | Found a runed translucent gate.
 28413 | Spider:1 | Found a runed translucent gate.
 28414 | Spider:1 | Found a runed translucent gate.
 28446 | Spider:1 | You fall into a shaft and drop 1 floor!
 28895 | Spider:1 | Lost mutation: You have a somewhat thin skeletal structure.
                  | (Dex +2, Stealth+) [Jiyva's grace]
 28895 | Spider:1 | Lost mutation: Your mind is acute. (Int +4, Str/Dex -1)
                  | [Jiyva's grace]
 28895 | Spider:1 | Lost mutation: You have a small jelly attached to you that
                  | senses nearby items. [Jiyva's grace]
 28895 | Spider:1 | Gained mutation: You expend magic power (3 MP) to
                  | strengthen your wands. [Jiyva's grace]
 28895 | Spider:1 | Gained mutation: You have a small jelly attached to you
                  | that may absorb projectiles. [Jiyva's grace]
 28895 | Spider:1 | Gained mutation: Your rubbery body absorbs attacks. (AC +1,
                  | EV +1) [Jiyva's grace]
 28895 | Spider:1 | Gained mutation: Your pliable body absorbs attacks. (AC +2,
                  | EV +2) [Jiyva's grace]
 29258 | Spider:1 | Noticed hitsuchi's ghost (adept AtFi)
 29326 | Spider:2 | Noticed Azrael
 29353 | Spider:2 | Killed Azrael
 29610 | Spider:2 | Noticed Arachne
 29644 | Spider:2 | Killed Arachne
 29763 | Spider:2 | Found the ring of the Octopus King
 29768 | Spider:2 | Identified the +6 morningstar "Ruewer" {heavy, Str+3}
 29770 | Spider:2 | Identified a ring of the Octopus King {rN+ HP+2 AC+2 EV+2
                  | SH+2}
 30695 | Spider:3 | Reached skill level 10 in Shapeshifting
 30723 | Spider:3 | Noticed Mlioglotl
 30733 | Spider:3 | Killed Mlioglotl
 30734 | Spider:3 | Reached skill level 19 in Stealth
 30891 | Spider:3 | Lost mutation: You are almost entirely resistant to further
                  | mutation and mutation removal. [Jiyva's grace]
 30891 | Spider:3 | Lost mutation: Your pliable body absorbs attacks. (AC +2,
                  | EV +2) [Jiyva's grace]
 30891 | Spider:3 | Lost mutation: Your translucent skin slightly reduces your
                  | foes' accuracy. (Stealth+) [Jiyva's grace]
 30891 | Spider:3 | Gained mutation: You are very agile. (Dex +8, Str/Int -2)
                  | [Jiyva's grace]
 30891 | Spider:3 | Gained mutation: Your system is resistant to poisons.
                  | (rPois) [Jiyva's grace]
 30891 | Spider:3 | Gained mutation: Your pliable body absorbs attacks. (AC +2,
                  | EV +2) [Jiyva's grace]
 30891 | Spider:3 | Gained mutation: Your gelatinous body deflects attacks. (AC
                  | +3, EV +3) [Jiyva's grace]
 31206 | Spider:4 | Entered Level 4 of the Spider Nest
 31279 | Spider:4 | Noticed Louise
 31285 | Abyss:3  | Cast into level 3 of the Abyss (Louise)
 31299 | Spider:4 | Escaped the Abyss
 31395 | Spider:4 | Killed Louise
 31535 | Spider:4 | Noticed Nikola
 31545 | Spider:4 | Killed Nikola
 32052 | Spider:4 | Reached XP level 18. HP: 105/105 MP: 19/19
 34913 | Spider:4 | Got a gossamer rune of Zot
 35329 | Elf:1    | Entered Level 1 of the Elven Halls
 35496 | Elf:1    | Found an ancient bone altar of Kikubaaqudgha.
 35636 | Elf:1    | Lost mutation: You have hooves in place of feet. [Jiyva's
                  | grace]
 35636 | Elf:1    | Lost mutation: You have a pair of horns on your head.
                  | [Jiyva's grace]
 35636 | Elf:1    | Lost mutation: You have a pair of small horns on your head.
                  | [Jiyva's grace]
 35636 | Elf:1    | Lost mutation: Your flesh is heat resistant. (rF+) [Jiyva's
                  | grace]
 35636 | Elf:1    | Lost mutation: Your body has grown eyes which may confuse
                  | attackers. (Acc +3) [Jiyva's grace]
 35636 | Elf:1    | Gained mutation: You have acidic saliva. [Jiyva's grace]
 35636 | Elf:1    | Gained mutation: You are partially covered in iridescent
                  | scales. (AC +2) [Jiyva's grace]
 35636 | Elf:1    | Gained mutation: You are mostly covered in iridescent
                  | scales. (AC +4) [Jiyva's grace]
 35636 | Elf:1    | Gained mutation: You are completely covered in iridescent
                  | scales. (AC +6) [Jiyva's grace]
 36257 | Elf:1    | Noticed a Tzitzimitl
 36531 | Elf:1    | Reached skill level 20 in Stealth
 36966 | Elf:2    | Found Louptec's Antique Weapon Boutique.
 36970 | Elf:2    | Found Wuiwn's Assorted Antiques.
 36994 | Elf:2    | Bought a scroll labelled NERCHU IKHLI for 36 gold pieces
 36994 | Elf:2    | Identified 2 scrolls of acquirement
 37151 | Elf:2    | Found a runed translucent gate.
 37152 | Elf:2    | Found a runed translucent gate.
 37152 | Elf:2    | Found a runed translucent gate.
 37194 | Elf:2    | Noticed a Brimstone Fiend
 37769 | Elf:2    | Found Buykh's Antique Armour Boutique.
 37881 | Elf:2    | Acquired the +0 arbalest "Fuadomom" {heavy, Fly rPois rN+++
                  | Stlth-}
 37980 | Abyss:3  | Cast into level 3 of the Abyss (+0 glaive of distortion)
 38126 | Abyss:3  | Reached XP level 19. HP: 111/111 MP: 20/20
 38198 | Abyss:3  | Noticed a bone dragon
 38199 | Abyss:3  | Gained mutation: You occasionally lose the ability to read
                  | scrolls when taking damage. [a cacodemon]
 38205 | Abyss:3  | Killed a bone dragon
 38257 | Abyss:3  | Identified the of Moesot
 38257 | Abyss:3  | Found a shimmering blue altar of Sif Muna.
 38288 | Abyss:3  | Noticed a dread lich
 38360 | Elf:2    | Escaped the Abyss
 38626 | Elf:2    | Acquired the amulet "Saug" {Spirit rN+++ Int-4 Dex-2 SInv}
 38666 | Elf:3    | Entered Level 3 of the Elven Halls
 38683 | Elf:3    | Lost mutation: You have hoof-like feet. [Jiyva's grace]
 38683 | Elf:3    | Lost mutation: You are very agile. (Dex +8, Str/Int -2)
                  | [Jiyva's grace]
 38683 | Elf:3    | Lost mutation: Your system is resistant to poisons. (rPois)
                  | [Jiyva's grace]
 38683 | Elf:3    | Lost mutation: Your gelatinous body deflects attacks. (AC
                  | +3, EV +3) [Jiyva's grace]
 38683 | Elf:3    | Lost mutation: You occasionally lose the ability to read
                  | scrolls when taking damage. [Jiyva's grace]
 38683 | Elf:3    | Gained mutation: Your spells are a little harder to cast,
                  | but a little more powerful. [Jiyva's grace]
 38683 | Elf:3    | Gained mutation: Your spells are harder to cast, but more
                  | powerful. [Jiyva's grace]
 38683 | Elf:3    | Gained mutation: Your spells are much harder to cast, but
                  | much more powerful. [Jiyva's grace]
 38683 | Elf:3    | Gained mutation: Your melee attacks may engulf your foes in
                  | ooze. [Jiyva's grace]
 38792 | Elf:3    | Found Keloke's Book Shoppe.
 38793 | Elf:3    | Found Micab's Jewellery Boutique.
 38793 | Elf:3    | Found Guagh's Jewellery Boutique.
 38801 | Elf:3    | Bought a manual of Fighting for 1040 gold pieces
 39017 | Elf:3    | Found Hupaid's Distillery.
 39036 | Elf:3    | Bought a potion of heal wounds for 60 gold pieces
 39036 | Elf:3    | Bought a potion of heal wounds for 60 gold pieces
 39371 | Elf:3    | Reached skill level 21 in Stealth
 39584 | Elf:3    | Killed from afar by a deep elf elementalist

Illustrated notes

Levels and vault maps discovered:
D:1:      wander_arrival_lonely_grave, layout_basic, minmay_nonomino_d4
D:2:      layout_basic
D:3:      layout_basic, nemelex_altar_shiori,
          dreamdust_ecumenical_altar_hidden_monk_grotto, serial_shops,
          nicolae_shop_getting_attention, uniq_grinder
D:4:      minmay_angry_zag, layout_gridville, grunt_qazlal_clouds,
          nicolae_dithmenos_shadow_blocks, eino_tiny_chamber
D:5:      layout_rooms, led_sif_book, st_stairs_5, minmay_holes,
          kennysheep_flooded_box, minivault_1, kennysheep_diamond
D:6:      layout_rooms, old_standard_altar, minmay_temple_entry_stoned_glass
D:7:      lemuel_ice_spiral_2, layout_rooms, minmay_shop_enchanted_jewellery,
          kennysheep_generic_room_11
D:8:      layout_loops_cross, erik_lair_island, enter_bailey_6, uniq_gastronok
D:9:      layout_roguey, kennysheep_little_box
D:10:     layout_irregular_city, lemuel_doored_altar, david_orc_1_choice
D:11:     layout_irregular_city, trog_butcher_becter
D:12:     hellmonk_paralyzer, layout_small_grid, tgw_fedhas, uniq_nergalle
D:13:     layout_roguey, lightli_vaults_fourway_checkpoint,
          gammafunk_ghost_nasty_kobolds, nicolae_two_hexagons,
          nicolae_zig_zag_zippers
D:14:     layout_roguey
D:15:     hangedman_depths_entry_try_elsewhere_first, layout_loops_corners,
          basic_altar
Lair:1:   layout_loops_ring, minmay_hedge_maze, chequers_serial_rivers_micro_b,
          lemuel_fruit_tree
Lair:2:   layout_gridlike, minmay_shoals_entry_lonely_mermaid, st_stairs_7
Lair:3:   layout_layer_cave, nicolae_spider_entry_non_spiders,
          gammafunk_ghost_arena, uniq_rupert
Lair:4:   layout_regular_city, slime_entry_1
Lair:5:   hangedman_lair_caniforms_friends, layout_small_grid
Shoals:1: layout_shoals, nicolae_island_escapes
Shoals:2: layout_shoals, ebering_ghost_rock_garden, nicolae_shoals_beach_cooler
Shoals:3: layout_shoals, argonaut_gorgonesque, uniq_ilsuiw, uniq_roxanne,
          uniq_polyphemus, uniq_jorgrun
Shoals:4: shoals_end_grunt_ice, layout_shoals, nicolae_shoals_isolated_beach
Spider:1: layout_chambers, gammafunk_ghost_necromancy
Spider:2: layout_spider_delve, nicolae_spider_checkerboard, uniq_arachne,
          uniq_azrael
Spider:3: layout_chambers, uniq_mlioglotl
Spider:4: floodkiller_spider_rune_tomb, uniq_nikola, uniq_louise
Slime:1:  layout_caves
Slime:2:  layout_caves
Slime:3:  cheibrodos_slime_lost_civilization_10, layout_caves
Slime:4:  layout_caves, cheibrodos_slime_lost_civilization_6
Slime:5:  slime_pit_nicolae_jellycorners
Orc:1:    nicolae_orc_accident_2, layout_caves, bloody_makhleb
Orc:2:    st_orc_ogre_mass, layout_caves, serial_shops,
          nicolae_shop_statue_plus, nicolae_shop_overcharged_wands
Elf:1:    eino_elf_arrival_sip, layout_loops_corners, basic_altar,
          hangedman_elven_crosses_minicolossus
Elf:2:    nicolae_elf_blades_crystal_corner, layout_gridlike, serial_shops,
          nicolae_shop_tiny_real_fake_doors, special_room [special_room_orc],
          minmay_elf_demonology, minmay_shop_star
Elf:3:    minmay_elf_hall_four_x, layout_geoelf_castle, serial_shops, shop,
          statue_in_the_mist_lemuel, minmay_shop_grove

Skill      XL: |  1  2  3  4  5  6  7  8  9 10 11 12 13 14 15 16 17 18 19 |
---------------+----------------------------------------------------------+-----
Fighting       | 2 3 4 5 6 8 9 10 11 12 13 14 15 16 | 16.8
Ranged Weapons | 5 6 7 8 10 11 12 14 15 16 17 18 19 | 19.9
Dodging        | 4 6 7 9 10 12 13 14 15 16 17 18 | 18.2
Stealth        | 4 6 8 10 12 14 15 16 18 19 20 21 | 21.0
Shapeshifting  | 2 7 11 14 | 14.9

Action                     |  1- 3 |  4- 6 |  7- 9 | 10-12 | 13-15 | 16-18 | 19-21 || total
---------------------------+-------+-------+-------+-------+-------+-------+-------++-------
   Fire: Shortbow          |   105 |     9 |       |       |       |       |       ||   114
         Sling             |       |    58 |   427 |   997 |  1208 |       |       ||  2690
         Arbalest          |       |       |       |       |   392 |  1353 |   207 ||  1952
    Use: Scroll            |       |       |    12 |     9 |     8 |    11 |     2 ||    42
         Potion            |       |       |     1 |       |     3 |     1 |       ||     5
 Armour: Robe              |     7 |     4 |    26 |    67 |   133 |   101 |    24 ||   362
         Skin              |       |       |       |       |       |   100 |    40 ||   140
  Dodge: Dodged            |    36 |    11 |    83 |   265 |   902 |  1236 |   337 ||  2870
  Block: Other             |       |       |       |       |       |    39 |    15 ||    54
   Form: Statue            |       |       |       |       |       |     1 |       ||     1
                           |       |       |       |       |       |       |     1 ||     1

Table legend: (Time is in decaauts)
 A = Elapsed time spent in this place.
 B = Non-inter-level travel time spent in this place.
 C = Inter-level travel time spent in this place.
 D = Time resting spent in this place.
 E = Time spent auto-exploring this place.
 F = Levels seen in this place.
 G = Mean time per level.
                   A        B        C        D        E       F      G
               +--------+--------+--------+--------+--------+-----+--------+
         Total |  30436 |  28855 |   1581 |   7058 |  14315 |  41 |  742.3 |
       Dungeon |   9801 |   9204 |    597 |   1812 |   4973 |  15 |  653.4 |
          Lair |   3609 |   3271 |    338 |     72 |   2150 |   5 |  721.8 |
        Shoals |   2751 |   2630 |    121 |    410 |   1452 |   4 |  687.8 |
   Spider Nest |   5645 |   5454 |    191 |   2705 |   1788 |   4 | 1411.2 |
    Slime Pits |    740 |    670 |     70 |      0 |    637 |   5 |  148.0 |
  Orcish Mines |   1755 |   1615 |    140 |    455 |    429 |   2 |  877.5 |
   Elven Halls |   4520 |   4399 |    121 |   1057 |   2435 |   3 | 1506.7 |
         Abyss |    578 |    578 |      0 |      0 |    277 |   2 |  289.0 |
        Bailey |   1034 |   1034 |      0 |    545 |    170 |   1 | 1034.0 |
               +--------+--------+--------+--------+--------+-----+--------+

Top non-repeatable levels by time:
Spider:4: 3437 daAuts
   Elf:2: 1998 daAuts
     D:7: 1625 daAuts
   Elf:1: 1317 daAuts
   Orc:2: 1307 daAuts
     D:8: 1210 daAuts
   Elf:3: 1203 daAuts
  Bailey: 1034 daAuts
  Lair:5: 945 daAuts
Spider:3: 906 daAuts
Shoals:3: 891 daAuts
  Lair:3: 863 daAuts
Shoals:4: 826 daAuts
Spider:1: 813 daAuts
     D:5: 770 daAuts
